 Dungeon Crawl Stone Soup version 0.32-a0-132-g2d33c3cfaf (webtiles) character file.

Game seed: 12380592826138462358

112 hikkokomori the Ruffian (level 4, 0/63 HPs)
             Began as a Troll Warper on Feb 9, 2024.
             Slain by a water moccasin (6 damage)
             ... on level 3 of the Dungeon.
             The game lasted 00:04:03 (1888 turns).

hikkokomori the Ruffian (Troll Warper)              Turns: 1888, Time: 00:04:03

Health: 0/63       AC: 22    Str: 18 (19) XL:     4   Next: 64%
Magic:  6/6        EV:  1    Int:  9 (11) God:
Gold:   147        SH:  0    Dex:  8 (9)  Spells: 3/7 levels left

rFire   . .          .
                       - Unarmed
rCold   . . .        (no shield)
rNeg    . . .        a - melded +0 robe
rPois   +            (helmet currently unavailable)
rElec   .            e - melded +0 cloak
rCorr   .            (gloves unavailable)
SInv    +            (boots unavailable)
Will    .....        (no amulet)
Stlth   +            q - ring of wizardry
HPRegen 1.10/turn    r - ring of see invisible
MPRegen 0.10/turn

%: wizardry (x1)
@: confused, lethally poisoned (0 -> -2), tree-form, ambrosia-drunk
A: stationary, stasis, torment immunity, boosted hp, large, unfitting armour,
(claws 3), regeneration 1, (shaggy fur 1), (tough skin 1)
a: no special abilities


You were on level 3 of the Dungeon.
You were a tree.
You visited 1 branch of the dungeon, and saw 3 of its levels.

You collected 147 gold pieces.

Inventory:

Missiles
 c - 7 darts of dispersal (quivered)
 p - 6 poisoned darts
 s - 2 javelins
Armour
 a - a +0 robe (melded)
 e - a +0 cloak (melded)
Jewellery
 q - a ring of wizardry (left branch)
 r - a ring of see invisible (right branch)
Scrolls
 b - a scroll of blinking
 f - 4 scrolls of noise {unknown}
 g - 4 scrolls of identify {unknown}
 h - 3 scrolls of teleportation {unknown}
 i - a scroll of brand weapon {unknown}
 k - 2 scrolls of amnesia {unknown}
 m - a scroll of acquirement {unknown}
 n - a scroll of revelation {unknown}
Potions
 d - 2 potions of lignification
 j - a potion of ambrosia
 l - a potion of enlightenment {unknown}
 o - a potion of haste {unknown}


   Skills:
 - Level 2.0 Fighting
 - Level 1.0 Throwing
 - Level 2.0 Dodging
 + Level 3.9 Unarmed Combat
 - Level 2.0 Spellcasting
 - Level 2.1 Translocations


You had 3 spell levels left.
You knew the following spells:

 Your Spells              Type           Power      Damage    Failure   Level
a - Blink                 Tloc           8%         N/A       9%          2
b - Lesser Beckoning      Tloc           8%         N/A       9%          2

Your spell library contained the following spells:

 Spells                   Type           Power      Damage    Failure   Level
 Teleport Other           Tloc           4%         N/A       16%         3
 Manifold Assault         Tloc           4%         N/A       45%         4
 Vhi's Electric Charge    Tloc/Air       4%         N/A       61%         4


Dungeon Overview and Level Annotations

Branches:
Dungeon (3/15)

Altars:
Dithmenos
Hepliaklqana


Innate Abilities, Weirdness & Mutations

You are a tree.
Your roots penetrate the ground, keeping you stationary.
You cannot be teleported.
You are immune to unholy pain and torment.
Your maximum health is greatly increased.
Your equipment is partially melded.
You are too large for most types of armour.
((You have claws for hands.))
Your natural rate of healing is unusually fast.
((You are covered in fur. (AC +1)))
((You have tough skin. (AC +1)))


Message History

You are too injured to fight recklessly!
You claw the water moccasin!
The water moccasin is heavily wounded.
You feel very sick. The water moccasin barely misses you.
The water moccasin bites you but does no damage.
You barely miss the water moccasin.
The water moccasin is heavily wounded.
You feel very sick. The water moccasin bites you.
You are lethally poisoned!
The water moccasin poisons you!
You miss the water moccasin.
The water moccasin is heavily wounded.
You feel very sick. The water moccasin barely misses you.
You scratch the water moccasin.
The water moccasin is heavily wounded.
* * * LOW HITPOINT WARNING * * *
You feel very sick. The water moccasin barely misses you.
The water moccasin misses you.
It was a potion of lignification.
You turn into a tree.
Your +0 cloak melds into your body.
Your +0 robe melds into your body.
Your roots penetrate the ground.
You feel very sick. The water moccasin bites you!
* * * LOW HITPOINT WARNING * * *
It was a potion of ambrosia.
You are confused.
You feel invigorated.
* * * LOW HITPOINT WARNING * * *
You feel very sick.
The water moccasin bites you but does no damage.
It was a potion of degeneration.
There was something very wrong with that liquid.
You feel weakened.
You feel dopey.
You feel clumsy.
You feel very sick. The water moccasin bites you.
* * * LOW HITPOINT WARNING * * *
The water moccasin bites you.
You die...

#..........
#..........
#..........
#..........
#..........
#..........
#..S$......
#..♣.......
#..........
#..........
##############'#######
#.............>...#
#.############.##.#
#.# #.# # #.# #.. #.#
#.#.


You could see a water moccasin.

Vanquished Creatures
  Terence (D:2)
  2 adders
  2 dart slugs
  2 ribbon worms (D:2)
  An orc (D:3)
  4 bats
  10 endoplasms
  6 giant cockroaches
  2 goblins (D:1)
  2 hobgoblins (D:2)
  6 jackals
  A quokka (D:1)
  5 ball pythons
  3 frilled lizards
  4 kobolds
  5 rats
56 creatures vanquished.

Notes
Turn   | Place    | Note
-------+----------+-------------------------------------------
     0 | D:1      | hikkokomori the Troll Warper began the quest for the Orb.
     0 | D:1      | Reached XP level 1. HP: 19/19 MP: 1/1
    51 | D:1      | Reached skill level 1 in Throwing
   181 | D:1      | Reached XP level 2. HP: 27/28 MP: 3/3
   542 | D:1      | Reached XP level 3. HP: 35/35 MP: 4/4
   930 | D:2      | Noticed Terence
   937 | D:2      | Killed Terence
   938 | D:2      | Reached skill level 3 in Unarmed Combat
   938 | D:2      | Reached XP level 4. HP: 32/42 MP: 4/6
  1469 | D:3      | Learned a level 2 spell: Blink
  1472 | D:3      | Learned a level 2 spell: Lesser Beckoning
  1561 | D:3      | Found a hazy altar of Hepliaklqana.
  1561 | D:3      | Found a shadowy altar of Dithmenos.
  1875 | D:3      | Noticed a water moccasin
  1888 | D:3      | Slain by a water moccasin

Illustrated notes

Levels and vault maps discovered:
D:1:      lemuel_arrival_behind_the_door_large, layout_basic
D:2:      layout_basic, uniq_terence
D:3:      layout_basic, gammafunk_temple_overflow_arena,
          gammafunk_ghost_mausoleum, chequers_ecumenical_altar_twisty,
          reono_crystal_passage

Skill      XL: |  1  2  3 |
---------------+----------+-----
Throwing       | 1 |  1.0
Dodging        | 2 |  2.0
Fighting       | 2 |  2.0
Unarmed Combat | 3 |  3.9
Spellcasting   | 2 |  2.0
Translocations | |  2.1

Action                     |  1- 3 |  4- 6 || total
---------------------------+-------+-------++-------
  Melee: Unarmed           |    77 |    55 ||   132
         Punch             |     2 |       ||     2
    Use: Potion            |       |     3 ||     3
 Armour: Robe              |    50 |    33 ||    83
         Skin              |       |     4 ||     4
  Dodge: Dodged            |    20 |    24 ||    44

Table legend: (Time is in decaauts)
 A = Elapsed time spent in this place.
 B = Non-inter-level travel time spent in this place.
 C = Inter-level travel time spent in this place.
 D = Time resting spent in this place.
 E = Time spent auto-exploring this place.
 F = Levels seen in this place.
 G = Mean time per level.
                   A        B        C        D        E       F      G
               +--------+--------+--------+--------+--------+-----+--------+
         Total |   1879 |   1828 |     51 |      0 |   1462 |   3 |  626.3 |
       Dungeon |   1879 |   1828 |     51 |      0 |   1462 |   3 |  626.3 |
               +--------+--------+--------+--------+--------+-----+--------+

Top non-repeatable levels by time:
     D:1: 764 daAuts
     D:2: 652 daAuts
     D:3: 461 daAuts
